[Event "Team 45 45 League T64"]
[Site "Internet Chess Club"]
[Date "2015.03.15"]
[Round "2"]
[White "Froggy"]
[Black "RobertStephen"]
[Result "1-0"]
[WhiteElo "2039"]
[BlackElo "1988"]
[Opening "Réti: King's Indian attack"]
[ECO "A08"]
[Time "13:58:58"]
[TimeControl "2700+45"]

1. Nf3 d5 2. g3 c5 3. Bg2 Nc6 4. c4 dxc4 5. Na3 e5 6. Nxc4 e4 7. Ng1 Nf6 8. f3
Be6 9. Ne3 Be7 10. fxe4 O-O 11. d3 c4 12. dxc4 Bb4+ 13. Kf1 Qxd1+ 14. Nxd1 Bxc4
15. Bg5 Ng4 16. h3 Nge5 17. g4 Rfc8 18. Nf3 Nxf3 19. Bxf3 Nd4 20. Kf2 h6 21. Be3
Nc2 22. Rc1 Bxa2 23. e5 Rc7 24. Bxb7 Rxb7 25. Rxc2 Bb3 26. Rc1 Re8 27. Bd4 Rd7
28. e3 Red8 29. Nc3 {Black forfeits on time} 1-0

[Event "Team 45 45 League T64"]
[Site "Internet Chess Club"]
[Date "2015.03.16"]
[Round "2"]
[White "xwang1"]
[Black "ChessHouston"]
[Result "1-0"]
[WhiteElo "2003"]
[BlackElo "1880"]
[Opening "Pirc: Sveshnikov system"]
[ECO "B07"]
[Time "19:15:52"]
[TimeControl "2700+45"]

1. e4 d6 2. d4 Nf6 3. Nc3 g6 4. g3 Bg7 5. Bg2 O-O 6. Nge2 Nbd7 7. O-O e5 8. h3
Re8 9. Be3 c6 10. a4 Nb6 11. b3 Be6 12. a5 exd4 13. Nxd4 Nbd7 14. Qd2 a6 15. f4
Nc5 16. Nxe6 Rxe6 17. e5 dxe5 18. Qxd8+ Rxd8 19. Bxc5 exf4 20. gxf4 Rd2 21. Rad1
Rxc2 22. Na4 Nd5 23. Rf2 Rxf2 24. Kxf2 Nc7 {Black resigns} 1-0

[Event "Team 45 45 League T64"]
[Site "Internet Chess Club"]
[Date "2015.03.12"]
[Round "2"]
[White "alo"]
[Black "jjimalo"]
[Result "0-1"]
[WhiteElo "1854"]
[BlackElo "1916"]
[Opening "Sicilian"]
[ECO "B50"]
[Time "15:00:42"]
[TimeControl "2700+45"]

1. e4 c5 2. Nf3 d6 3. Be2 Nc6 4. c3 Nf6 5. d4 cxd4 6. cxd4 Nxe4 7. d5 Qa5+ 8.
Nc3 Nxc3 9. bxc3 Ne5 10. Nxe5 Qxc3+ 11. Bd2 Qxe5 12. O-O Qxd5 13. Rb1 e5 14.
Bb5+ Bd7 15. Qa4 Bc6 16. Bxc6+ Qxc6 17. Qb3 Rb8 18. Rfc1 Qd7 19. Be3 b6 20. Rc2
Rc8 21. Rxc8+ Qxc8 22. Rc1 Qd7 23. Qd5 Be7 24. Qa8+ Bd8 25. Rc8 O-O 26. Rb8 Be7
27. Qb7 Qa4 28. g3 Rxb8 29. Qxb8+ Bf8 30. Qa8 Qxa2 31. Kg2 Qa5 32. h4 d5 33. Qe8
d4 34. Bg5 Qd5+ 35. Kh2 f6 36. Bd2 Qd6 37. h5 Qe7 38. Qc8 b5 39. h6 gxh6 40.
Bxh6 Kf7 41. Bxf8 Qxf8 42. Qb7+ Qe7 43. Qxb5 Qc7 44. Qe2 Qd7 45. f4 d3 46. Qh5+
Kg8 47. fxe5 d2 48. exf6 d1=Q 49. Qg5+ Kf8 50. Qh6+ Ke8 51. f7+ Qxf7 52. Qc6+
Qfd7 53. Qa8+ Kf7 {White resigns} 0-1

[Event "Team 45 45 League T64"]
[Site "Internet Chess Club"]
[Date "2015.03.13"]
[Round "2"]
[White "laurenpar"]
[Black "achessman"]
[Result "1-0"]
[WhiteElo "1966"]
[BlackElo "1933"]
[Opening "English opening"]
[ECO "A05"]
[Time "21:35:32"]
[TimeControl "2700+45"]

1. Nf3 Nf6 2. c4 e6 3. g3 b6 4. Bg2 Bb7 5. O-O c5 6. b3 Be7 7. Bb2 O-O 8. e3 d5
9. Nc3 Ne4 10. Ne2 Nc6 11. d3 Nf6 12. Nf4 dxc4 13. dxc4 Qc7 14. Qe2 Rfd8 15. e4
Nd4 16. Nxd4 cxd4 17. e5 Bxg2 18. Kxg2 Qc6+ 19. Qf3 Qxf3+ 20. Kxf3 Nd7 21. Bxd4
Nb8 22. Rad1 Nc6 23. Bc3 Kf8 24. Ke2 Bc5 25. Nd3 Bd4 26. Bb4+ Nxb4 27. Nxb4 Bc3
28. Nc6 Rxd1 29. Rxd1 Rc8 30. Rd3 Rxc6 31. Rxc3 Rc5 32. f4 b5 33. Kd3 b4 34. Rc2
Ke7 35. Kd4 Rc8 36. c5 Kd7 37. Kc4 a5 38. Rd2+ Kc7 39. Kb5 Rb8+ 40. Kc4 h5 41.
Rd6 h4 42. Ra6 g5 43. fxg5 hxg3 44. hxg3 Rg8 45. Rxa5 Rxg5 46. Kxb4 Rxe5 47. Kb5
Kb7 48. Ra4 Rd5 49. g4 Rg5 50. Rf4 {Black resigns} 1-0

[Event "Team 45 45 League T64"]
[Site "Internet Chess Club"]
[Date "2015.03.16"]
[Round "2"]
[White "JulianVerse"]
[Black "marceloeinhorn"]
[Result "1/2-1/2"]
[WhiteElo "1802"]
[BlackElo "1991"]
[Opening "Sicilian: accelerated fianchetto, modern variation with Bc4"]
[ECO "B35"]
[Time "18:06:57"]
[TimeControl "2700+45"]

1. e4 c5 2. Nf3 g6 3. d4 cxd4 4. Nxd4 Bg7 5. Nc3 Nc6 6. Be3 Nf6 7. Bc4 O-O 8.
Bb3 d6 9. f3 Nd7 10. Qd2 Nb6 11. h4 Na5 12. Qd3 Nxb3 13. Nxb3 Be6 14. Bd4 Rc8
15. h5 Nc4 16. O-O-O Bh6+ 17. Kb1 Na3+ 18. bxa3 Bc4 19. hxg6 Bxd3 20. gxh7+ Kxh7
21. Rxd3 Rg8 22. Nd5 e6 23. Nf6+ Kg6 24. Rh3 e5 25. Nxg8 Qxg8 26. Rg3+ Bg5 27.
Be3 f6 28. Rxd6 Qc4 29. Rxg5+ Kf7 30. Rd7+ Ke6 31. Rgg7 Qxc2+ 32. Ka1 Qc3+ {Game
drawn by mutual agreement} 1/2-1/2

[Event "Team 45 45 League T64"]
[Site "Internet Chess Club"]
[Date "2015.03.14"]
[Round "2"]
[White "freakypawn"]
[Black "Chessbomb"]
[Result "0-1"]
[WhiteElo "1786"]
[BlackElo "1844"]
[Opening "QGD: semi-Slav"]
[ECO "D31"]
[Time "19:30:12"]
[TimeControl "2700+45"]

1. d4 d5 2. c4 e6 3. Nc3 c6 4. Nf3 Bd6 5. Bg5 Nf6 6. e3 Nbd7 7. Bd3 h6 8. Bh4
O-O 9. O-O dxc4 10. Bxc4 Qc7 11. Rc1 e5 12. dxe5 Nxe5 13. Nxe5 Bxe5 14. Bg3 Bg4
15. Qb3 Bxg3 16. hxg3 Rad8 17. Ne2 Bxe2 18. Bxe2 Rd2 19. Bf3 Qb6 20. Qxb6 axb6
21. Rb1 Rfd8 22. Rfd1 Ne4 23. a3 Nxf2 24. Rf1 Nd3 25. b4 Ne5 26. Rf2 Nc4 27. Rb3
b5 28. Be2 Ra8 29. Bxc4 bxc4 30. Rc3 Rd3 31. Rfc2 Rxa3 32. Rxa3 Rxa3 33. Rxc4
Rxe3 34. Kf2 Re5 35. Rd4 g6 36. Rd7 Rb5 37. Rd4 Kf8 38. Kf3 Ke7 39. Ke4 f5+ 40.
Kf4 g5+ 41. Kf3 Ke6 42. g4 f4 43. g3 fxg3 44. Kxg3 Ke5 45. Rd7 Rxb4 46. Rh7 Rb3+
47. Kg2 Kf4 48. Rxh6 Kxg4 49. Rh7 Rb2+ 50. Kf1 c5 51. Rc7 b6 52. Rc6 Kg3 53. Rg6
g4 54. Ke1 c4 55. Rc6 b5 {White resigns} 0-1

[Event "Team 45 45 League T64"]
[Site "Internet Chess Club"]
[Date "2015.03.15"]
[Round "2"]
[White "dmarcolino"]
[Black "TillyChess"]
[Result "0-1"]
[WhiteElo "1895"]
[BlackElo "2126"]
[Opening "Dutch defense, Rubinstein variation"]
[ECO "A40"]
[Time "10:02:09"]
[TimeControl "2700+45"]

1. d4 e6 2. c4 f5 3. Nc3 Nf6 4. f3 d5 5. e3 c6 6. Nh3 Bd6 7. Bd3 O-O 8. O-O Qc7
9. g3 Bxg3 10. f4 Bh4 11. Kh1 Qe7 12. Bd2 Na6 13. a3 Nc7 14. c5 Ne4 15. Be1 b6
16. b4 bxc5 17. bxc5 Rb8 18. Rb1 Rxb1 19. Qxb1 Bf6 20. Na2 Ba6 21. Nb4 Rb8 22.
Rg1 Bxd3 23. Qxd3 Qe8 24. Ng5 a5 25. Na6 Nxa6 26. Qxa6 Bxg5 27. fxg5 Rb3 28.
Qxa5 Rxe3 29. Bg3 Re2 30. Qc7 Nxg3+ 31. Rxg3 Rb2 32. a4 Kf8 33. Rh3 Qe7 34. Qc8+
Kf7 35. Rg3 Rb1+ 36. Kg2 f4 37. Rg4 Kg6 38. h4 Kf5 39. Rxf4+ Kxf4 40. Qh8 Qf7
41. Qd8 Rb2+ 42. Kg1 Kg3 43. Qd6+ Qf4 {White resigns} 0-1

[Event "Team 45 45 League T64"]
[Site "Internet Chess Club"]
[Date "2015.03.15"]
[Round "2"]
[White "kidcobra"]
[Black "xt"]
[Result "1-0"]
[WhiteElo "1729"]
[BlackElo "1713"]
[Opening "Sicilian: Nimzovich-Rossolimo attack (without ...d6)"]
[ECO "B30"]
[Time "17:08:27"]
[TimeControl "2700+45"]

1. e4 c5 2. Nf3 Nc6 3. Bb5 d6 4. Bxc6+ bxc6 5. d3 Nf6 6. Be3 e6 7. h3 Be7 8. c3
h6 9. a4 Rb8 10. Qc2 a5 11. Na3 Ba6 12. Rg1 Qb6 13. Rb1 Qb3 14. Kd2 Kd7 15. Rgd1
Rb7 16. Qxb3 Rxb3 17. Kc2 Rhb8 18. Nd2 R3b7 19. Ndc4 Bd8 20. e5 Ne8 21. exd6 f6
22. Bxc5 e5 23. d4 Ke6 24. dxe5 fxe5 25. Re1 Bf6 26. f4 Bxc4 27. Nxc4 Kd5 28. b4
Kxc4 29. Rbd1 axb4 30. cxb4 Rxb4 31. Bxb4 Rxb4 32. Re4+ Kc5 33. Rxb4 Kxb4 34.
fxe5 Bd8 35. e6 Bf6 36. d7 Nc7 37. d8=Q Bxd8 38. Rxd8 Nxe6 39. Rd6 Nf4 40. Rd4+
{Black resigns} 1-0

[Event "Team 45 45 League T64"]
[Site "Internet Chess Club"]
[Date "2015.03.11"]
[Round "2"]
[White "CaptK"]
[Black "KidRattler"]
[Result "1-0"]
[WhiteElo "1776"]
[BlackElo "1421"]
[Opening "QGD Slav: 4.e3"]
[ECO "D11"]
[Time "18:00:11"]
[TimeControl "2700+45"]

1. d4 Nf6 2. Nf3 d5 3. c4 c6 4. e3 Bg4 5. Qb3 b6 6. Nc3 e6 7. Ne5 Bf5 8. Be2 Bd6
9. f4 Bxe5 10. fxe5 Ne4 11. Nxe4 Bxe4 12. O-O O-O 13. Bd2 Nd7 14. Bf3 Bxf3 15.
Rxf3 dxc4 16. Qxc4 Nxe5 17. dxe5 Qxd2 18. Rb1 Qd5 19. Qf4 Qxa2 20. Rbf1 Qxb2 21.
Rg3 Qc2 22. Qf6 g6 23. h4 Qd3 24. h5 Qd8 25. Qf4 Qd3 26. Qg4 b5 27. Rf6 Qc4 28.
Qg5 Kh8 29. hxg6 fxg6 30. Rxg6 Qf1+ 31. Kh2 Qf5 32. Qh6 Rg8 33. Rg7 Raf8 34.
R3g5 Qe4 35. Rxg8+ Rxg8 36. Qf6+ {Black resigns} 1-0

[Event "Team 45 45 League T64"]
[Site "Internet Chess Club"]
[Date "2015.03.16"]
[Round "2"]
[White "seattleblues"]
[Black "SugarIslander"]
[Result "0-1"]
[WhiteElo "1490"]
[BlackElo "1608"]
[Opening "QGD Slav: Czech defense"]
[ECO "D17"]
[Time "19:01:37"]
[TimeControl "2700+45"]

1. d4 d5 2. Nf3 Nf6 3. c4 c6 4. Nc3 dxc4 5. a4 Bf5 6. Bg5 Nbd7 7. e3 e6 8. Bxc4
Bb4 9. O-O h6 10. Bh4 Qa5 11. Qb3 Bxc3 12. bxc3 Nb6 13. Ne5 g5 14. Bg3 Ne4 15.
Rac1 Nd2 16. Qa2 Nxf1 17. Kxf1 Qxa4 18. Bb3 Qxa2 19. Bxa2 Nd7 20. Nc4 Bd3+ 21.
Ke1 Bxc4 22. Bxc4 b5 23. Bb3 Nb6 24. Be5 Rg8 25. Ra1 Kd7 26. Kd2 a5 27. Ba2 a4
28. Bg3 f6 29. f3 Rgc8 30. Rb1 Ra7 31. Kd3 h5 32. e4 h4 33. Bf2 Rb7 34. Be3 Ke7
35. e5 Nd5 36. exf6+ Kxf6 37. Bxd5 exd5 38. Bc1 Re8 39. Ba3 Re6 40. Bc1 Rbe7 41.
Bd2 Re2 42. Rg1 Rf2 43. h3 Ree2 {White resigns} 0-1

[Event "Team 45 45 League T64"]
[Site "Internet Chess Club"]
[Date "2015.03.16"]
[Round "2"]
[White "oldsj"]
[Black "JRussell2"]
[Result "0-1"]
[WhiteElo "1560"]
[BlackElo "1630"]
[Opening "Sicilian: dragon, Yugoslav attack, Rauser variation"]
[ECO "B76"]
[Time "15:00:26"]
[TimeControl "2700+45"]

1. e4 c5 2. Nf3 d6 3. d4 cxd4 4. Nxd4 Nf6 5. Nc3 g6 6. Be3 Bg7 7. Qd2 Nc6 8. f3
O-O 9. O-O-O Nxd4 10. Bxd4 Be6 11. Kb1 Qa5 12. g4 Rfc8 13. a3 Rc7 14. Nb5 Qxd2
15. Rxd2 Rcc8 16. Nxa7 Rd8 17. Nb5 Nd7 18. Bxg7 Kxg7 19. Nc7 Rac8 20. Nxe6+ fxe6
21. h4 Ne5 22. Be2 Rf8 23. Rf1 Rf7 24. f4 Nc4 25. Bxc4 Rxc4 26. Re2 e5 27. f5
gxf5 28. gxf5 Kf6 29. c3 Rg7 30. Kc2 Rg4 31. Kd3 b5 32. Rh1 Rc8 33. Kc2 Rcg8 34.
Kb3 Rf4 35. Kb4 d5 36. Kxb5 Rxe4 37. Rf2 Rgg4 38. b4 Rxh4 39. Rxh4 Rxh4 40. a4
e4 41. Kc5 Ke5 42. a5 e3 43. Re2 Rc4+ 44. Kb6 Rxc3 45. a6 d4 46. a7 Ra3 47. Kb7
Ke4 48. Rh2 d3 49. Rxh7 Kxf5 50. Rxe7 d2 51. Rd7 e2 52. b5 d1=Q 53. Rxd1 exd1=Q
54. a8=Q Rxa8 55. Kxa8 {White resigns} 0-1

[Event "Team 45 45 League T64"]
[Site "Internet Chess Club"]
[Date "2015.03.17"]
[Round "2"]
[White "calsal"]
[Black "Packerfan"]
[Result "1-0"]
[WhiteElo "1782"]
[BlackElo "1788"]
[Opening "Bishop's opening: Philidor counter-attack"]
[ECO "C23"]
[Time "10:00:19"]
[TimeControl "2700+45"]

1. e4 e5 2. Bc4 c6 3. Nf3 d5 4. Bb3 Nf6 5. Nc3 Bd6 6. exd5 e4 7. Ng5 cxd5 8.
Nxd5 Nxd5 9. Nxf7 Kxf7 10. Qh5+ g6 11. Qxd5+ Kf8 12. Qf7# {Black checkmated} 1-0

[Event "Team 45 45 League T64"]
[Site "Internet Chess Club"]
[Date "2015.03.16"]
[Round "2"]
[White "clarinetref"]
[Black "JeffH"]
[Result "1/2-1/2"]
[WhiteElo "1592"]
[BlackElo "1740"]
[Opening "Petrov: Nimzovich attack"]
[ECO "C42"]
[Time "22:00:52"]
[TimeControl "2700+45"]

1. e4 e5 2. Nf3 Nf6 3. Nxe5 d6 4. Nf3 Nxe4 5. Nc3 Nxc3 6. dxc3 Be7 7. Be3 O-O 8.
Qd2 Nc6 9. O-O-O Be6 10. Kb1 Ne5 11. Nd4 Nc4 12. Bxc4 Bxc4 13. Nf5 Bf6 14. Bd4
Be6 15. Bxf6 Qxf6 16. Nd4 Bd7 17. f3 Rfe8 18. h4 Re7 19. Rde1 Rae8 20. Rxe7 Rxe7
21. Ne2 {Game drawn by mutual agreement} 1/2-1/2

[Event "Team 45 45 League T64"]
[Site "Internet Chess Club"]
[Date "2015.03.13"]
[Round "2"]
[White "pkraus"]
[Black "tryanything"]
[Result "0-1"]
[WhiteElo "1580"]
[BlackElo "1564"]
[Opening "Four knights: Italian variation"]
[ECO "C55"]
[Time "19:00:08"]
[TimeControl "2700+45"]

1. e4 e5 2. Nf3 Nc6 3. Bc4 Nf6 4. Nc3 Nxe4 5. Bxf7+ Kxf7 6. Nxe4 d5 7. Neg5+ Kg8
8. d3 h6 9. Nh3 Bg4 10. Qd2 Qf6 11. Nhg1 Bc5 12. h3 Be6 13. Qe2 Re8 14. c3 e4
15. dxe4 dxe4 16. Nh2 Kh7 17. Be3 Bd6 18. Qc2 Rhf8 19. Qxe4+ Bf5 20. Qf3 Ne5 21.
Qe2 Nd3+ 22. Kf1 Nf4 23. Qf3 Be4 24. Ng4 Qg6 25. Bxf4 Bxf3 26. Bxd6 Qd3+ {White
resigns} 0-1

[Event "Team 45 45 League T64"]
[Site "Internet Chess Club"]
[Date "2015.03.14"]
[Round "2"]
[White "PostMike"]
[Black "okieman888"]
[Result "1/2-1/2"]
[WhiteElo "1455"]
[BlackElo "1521"]
[Opening "French: Steinitz, Boleslavsky variation"]
[ECO "C11"]
[Time "14:05:11"]
[TimeControl "2700+45"]

1. e4 e6 2. d4 d5 3. Nc3 Nf6 4. e5 Nfd7 5. f4 c5 6. Nf3 Nc6 7. Be3 cxd4 8. Nxd4
Bb4 9. Qd2 O-O 10. Nxc6 bxc6 11. Be2 a5 12. O-O Ba6 13. Bxa6 Rxa6 14. a3 Be7 15.
Na4 f6 16. exf6 Bxf6 17. Rab1 Qe7 18. c3 c5 19. Rfc1 Qd6 20. c4 d4 21. Bf2 Be7
22. g3 Qc6 23. b3 Qf3 24. Qd1 Ne5 25. Qxf3 Nxf3+ 26. Kg2 Nd2 27. Rb2 Ne4 28. Be1
Rd8 29. Kf3 Nf6 30. Rd2 h5 31. h3 Rb8 32. Rd3 Nd7 33. g4 hxg4+ 34. hxg4 e5 35.
Bg3 Re6 36. Re1 Rf8 37. f5 Bg5 38. Nb2 g6 39. Kg2 gxf5 40. gxf5 Rxf5 41. Re4 Nf6
42. Re1 e4 43. Rdd1 Rb6 44. b4 axb4 45. Na4 Rc6 46. axb4 cxb4 47. Rxd4 Ra6 48.
Nb2 Ra2 49. Re2 Bc1 50. Be1 Rxb2 51. Rxb2 Bxb2 52. Rd8+ Kf7 53. Bxb4 e3 54. Be1
Rc5 55. Kf3 Bc1 56. Rd4 Re5 57. Ke2 Re4 58. Rxe4 Nxe4 59. Kd1 Bb2 60. Ke2 Bd4
61. Kd3 {Game drawn by mutual agreement} 1/2-1/2

[Event "Team 45 45 League T64"]
[Site "Internet Chess Club"]
[Date "2015.03.14"]
[Round "2"]
[White "BotanicalKnight"]
[Black "Gilguli"]
[Result "1/2-1/2"]
[WhiteElo "1533"]
[BlackElo "1375"]
[Opening "Sicilian: closed"]
[ECO "B23"]
[Time "17:01:51"]
[TimeControl "2700+45"]

1. e4 c5 2. Nc3 d6 3. g3 Nf6 4. Bg2 e5 5. d3 Be6 6. f4 exf4 7. Bxf4 Bg4 8. Nf3
Nc6 9. h3 Be6 10. g4 Qb6 11. Rb1 O-O-O 12. O-O d5 13. exd5 Nxd5 14. Nxd5 Bxd5
15. b3 Bd6 16. Bxd6 Rxd6 17. c4 Bxf3 18. Qxf3 Qc7 19. Qxf7 Qxf7 20. Rxf7 Rd7
{Game drawn by mutual agreement} 1/2-1/2

[Event "Team 45 45 League T64"]
[Site "Internet Chess Club"]
[Date "2015.03.15"]
[Round "2"]
[White "houseofcook"]
[Black "chesskix"]
[Result "1-0"]
[WhiteElo "1530"]
[BlackElo "1491"]
[Opening "Sicilian: Hungarian variation"]
[ECO "B27"]
[Time "14:00:26"]
[TimeControl "2700+45"]

1. e4 c5 2. Nf3 g6 3. d4 cxd4 4. c3 Bg7 5. Bc4 e6 6. cxd4 Ne7 7. O-O O-O 8. Nc3
a6 9. a3 b5 10. Ba2 Bb7 11. Re1 Nbc6 12. Bg5 Qe8 13. Qd2 e5 14. dxe5 Nxe5 15.
Nxe5 Bxe5 16. Bh6 Bg7 17. Bxg7 Kxg7 18. Qd4+ Kg8 19. Rad1 Rd8 20. Qf6 Nc8 21.
Nd5 Bxd5 22. exd5 Qxe1+ 23. Rxe1 Rde8 24. Rxe8 Rxe8 25. h3 d6 26. Kh2 a5 {Black
resigns} 1-0

[Event "Team 45 45 League T64"]
[Site "Internet Chess Club"]
[Date "2015.03.15"]
[Round "2"]
[White "kingsrook"]
[Black "guyd52"]
[Result "0-1"]
[WhiteElo "1298"]
[BlackElo "1317"]
[Opening "QGD Slav defense"]
[ECO "D10"]
[Time "19:00:34"]
[TimeControl "2700+45"]

1. d4 d5 2. c4 c6 3. Nc3 Nf6 4. e3 g6 5. Nf3 Bg7 6. Be2 O-O 7. O-O Nbd7 8. b4 a6
9. a4 dxc4 10. Bxc4 Nb6 11. Bd3 Bg4 12. a5 Nbd5 13. Nxd5 Qxd5 14. h3 Bxf3 15.
gxf3 Qg5+ 16. Kh1 Qd5 17. Kg1 e5 18. Bb2 Nh5 19. e4 Qd6 20. dxe5 Bxe5 21. Bxe5
Qxe5 22. Rc1 Rfd8 23. Rc5 Qe6 24. Bc4 Qxh3 25. Bxf7+ Kf8 26. Qb3 Nf4 {White
resigns} 0-1

[Event "Team 45 45 League T64"]
[Site "Internet Chess Club"]
[Date "2015.03.13"]
[Round "2"]
[White "Hal2001"]
[Black "Bible-Believer"]
[Result "0-1"]
[WhiteElo "1550"]
[BlackElo "1537"]
[Opening "Sicilian: closed"]
[ECO "B23"]
[Time "11:09:04"]
[TimeControl "2700+45"]

1. e4 c5 2. Nc3 e6 3. f4 d5 4. exd5 exd5 5. Bb5+ Nc6 6. Bxc6+ bxc6 7. Nf3 Bg4 8.
O-O Nf6 9. d3 Be7 10. Qe1 Bxf3 11. Rxf3 O-O 12. Bd2 Re8 13. Qf1 Rb8 14. Rb1 Qc7
15. h3 Bd6 16. Kh1 Nh5 17. g4 Nf6 18. Qf2 d4 19. Ne2 Nd5 20. c3 Qa5 21. a3 Rb7
22. Nxd4 cxd4 23. cxd4 Qa4 24. Bb4 Nxb4 25. axb4 Rxb4 26. g5 Rxd4 27. f5 Rf4 28.
g6 Rxf3 29. gxf7+ Kxf7 30. Qxf3 Qf4 31. Qh5+ Kf8 {White resigns} 0-1

[Event "Team 45 45 League T64"]
[Site "Internet Chess Club"]
[Date "2015.03.12"]
[Round "2"]
[White "kc4tac"]
[Black "ChessMaine"]
[Result "0-1"]
[WhiteElo "1290"]
[BlackElo "1470"]
[Opening "French defense"]
[ECO "C00"]
[Time "21:02:50"]
[TimeControl "2700+45"]

1. e4 e6 2. Nf3 d5 3. e5 c5 4. Bb5+ Nc6 5. d4 Qb6 6. Nc3 Bd7 7. Be3 cxd4 8. Bxd4
Bc5 9. Bxc6 Bxc6 10. Bxc5 Qxc5 11. Nd4 Ne7 12. O-O O-O 13. Nce2 Rac8 14. c3 Bb5
15. Re1 Ng6 16. b4 Qb6 17. Nxb5 Qxb5 18. Nd4 Qb6 19. Qd2 Rc4 20. a4 Qc7 21. Nb5
Qb8 22. Nd6 Rc6 23. Qd4 Nxe5 24. Rxe5 Qxd6 25. Rae1 Rc4 26. Qxa7 Rxc3 27. Qxb7
Qxe5 28. Kf1 Qc7 29. Qb5 Qc4+ {White resigns} 0-1

[Event "Team 45 45 League T64"]
[Site "Internet Chess Club"]
[Date "2015.03.13"]
[Round "2"]
[White "seattleblues"]
[Black "sdcohle"]
[Result "1-0"]
[WhiteElo "1498"]
[BlackElo "1413"]
[Opening "QGD: classical variation (5.Bf4)"]
[ECO "D37"]
[Time "21:30:51"]
[TimeControl "2700+45"]

1. d4 d5 2. Nf3 e6 3. c4 Nf6 4. Nc3 Be7 5. Bf4 b6 6. e3 Bb7 7. Bd3 O-O 8. Rc1 c5
9. dxc5 Bxc5 10. O-O Nbd7 11. cxd5 exd5 12. Nb5 Ne8 13. Nbd4 Ndf6 14. Bg5 h6 15.
Bh4 Nd6 16. Bb1 Nde4 17. a3 a5 18. Qb3 Re8 19. Rfd1 g5 20. Bg3 Nxg3 21. hxg3 Rc8
22. Nf5 Ng4 23. N3d4 Qf6 24. Nb5 Nxe3 25. fxe3 Re5 26. Nbd4 Rce8 27. Re1 Bxd4
28. Nxd4 Bc8 29. Rc6 Qe7 30. Rxh6 Rxe3 31. Rxe3 Qxe3+ 32. Qxe3 Rxe3 33. Kf2 Re8
34. Rxb6 Be6 35. Ra6 Rb8 36. b3 a4 37. Rxa4 Bd7 38. Ra7 Be6 39. b4 Rb6 40. Bd3
Kg7 41. b5 Kf6 42. Ke3 Ke5 43. a4 Kd6 44. a5 Rb8 45. b6 Bc8 46. Rxf7 g4 47. Rf8
Ke7 48. Rg8 Kf7 49. Rh8 Kg7 50. Rd8 Kf7 51. b7 Rxb7 52. Rxc8 Rb2 53. Be2 Ra2 54.
a6 Ra3+ 55. Kf4 Ra4 56. Ke5 Ke7 57. Bxg4 Rxa6 58. Nc6+ Kf7 59. Bh5+ Kg7 60. g4
Ra2 61. Rc7+ Kh6 62. Nd4 Rxg2 63. Kf6 Rf2+ 64. Nf5+ Rxf5+ 65. Kxf5 d4 66. Be8 d3
67. g5# {Black checkmated} 1-0

[Event "Team 45 45 League T64"]
[Site "Internet Chess Club"]
[Date "2015.03.16"]
[Round "2"]
[White "fuzzface"]
[Black "Conjurer"]
[Result "1-0"]
[WhiteElo "1340"]
[BlackElo "1143"]
[Opening "Sicilian defense"]
[ECO "B20"]
[Time "12:00:45"]
[TimeControl "2700+45"]

1. e4 c5 2. Bc4 Nc6 3. Nf3 e6 4. Nc3 a6 5. a4 Be7 6. d4 cxd4 7. Nxd4 e5 8. Nf5
Bf6 9. Qd5 Qc7 10. Qxf7+ Kd8 11. Qf8# {Black checkmated} 1-0

[Event "Team 45 45 League T64"]
[Site "Internet Chess Club"]
[Date "2015.03.14"]
[Round "2"]
[White "deepfort"]
[Black "pkraus"]
[Result "1-0"]
[WhiteElo "1517"]
[BlackElo "1560"]
[Opening "French: Tarrasch, closed variation"]
[ECO "C05"]
[Time "10:04:26"]
[TimeControl "2700+45"]

1. e4 e6 2. d4 d5 3. Nd2 Nf6 4. e5 Nfd7 5. Ngf3 c5 6. c3 b6 7. Bd3 Ba6 8. Bc2
Be7 9. Nf1 Nc6 10. Be3 f6 11. exf6 Nxf6 12. Qd2 cxd4 13. Nxd4 Nxd4 14. Bxd4 Bc5
15. Ng3 O-O 16. O-O-O Rc8 17. Rhe1 Rc6 18. Qg5 Bxd4 19. Rxd4 Bc8 20. Nh5 Nxh5
21. Qxh5 h6 22. Rg4 e5 23. Rg3 e4 24. Bb3 Rf5 25. Qd1 Kh8 26. Rxe4 Rxf2 27. Qd4
Rf1+ 28. Kd2 Rc7 29. Rh4 Qf6 30. Rf3 Rxf3 31. gxf3 Qxd4+ 32. Rxd4 Bb7 33. Bxd5
Bxd5 34. Rxd5 g5 35. h4 gxh4 36. Rh5 Kg7 37. Rxh4 Rd7+ 38. Ke3 Re7+ 39. Re4
Rxe4+ 40. fxe4 Kf6 41. b4 h5 42. c4 h4 43. c5 bxc5 44. bxc5 h3 45. Kf3 Ke6 46.
Kg3 h2 47. Kxh2 a5 48. Kg3 Kd7 49. Kf4 Kc6 50. Ke5 Kxc5 51. Kf6 Kd6 52. e5+ Kd7
53. Kf7 {Black resigns} 1-0

[Event "Team 45 45 League T64"]
[Site "Internet Chess Club"]
[Date "2015.03.17"]
[Round "2"]
[White "Andressa"]
[Black "bayoumicardio10"]
[Result "0-1"]
[WhiteElo "1468"]
[BlackElo "1748"]
[Opening "Pirc defense"]
[ECO "B07"]
[Time "19:04:26"]
[TimeControl "2700+45"]

1. e4 d6 2. d4 Nf6 3. Nc3 g6 4. e5 dxe5 5. dxe5 Qxd1+ 6. Nxd1 Ng4 7. Nf3 Bg7 8.
Bf4 Bf5 9. Ne3 Nxe3 10. Bxe3 Bxc2 11. Rc1 Be4 12. Rxc7 Bc6 13. Rc8+ Kd7 14. Rxh8
Bxh8 15. Bd4 Bxf3 16. gxf3 Nc6 17. Bb5 Kc7 18. Bxc6 Kxc6 19. Ke2 b6 20. Rc1+ Kb7
21. f4 Rc8 22. Rxc8 Kxc8 23. Kd3 e6 24. Kc4 Kb7 25. b4 a6 26. b5 Bg7 27. a4 Bf8
28. h3 Be7 29. f3 Ba3 30. Be3 axb5+ 31. axb5 Kc7 32. Kb3 Bc5 33. Bxc5 bxc5 34.
Kc4 Kb6 35. h4 h6 36. f5 gxf5 37. f4 h5 {White resigns} 0-1

[Event "Team 45 45 League T64"]
[Site "Internet Chess Club"]
[Date "2015.03.13"]
[Round "2"]
[White "JRussell2"]
[Black "BrianWood"]
[Result "1/2-1/2"]
[WhiteElo "1594"]
[BlackElo "1514"]
[Opening "Sicilian: Najdorf, Opocensky variation"]
[ECO "B92"]
[Time "15:03:05"]
[TimeControl "2700+45"]

1. e4 c5 2. Nf3 d6 3. d4 cxd4 4. Nxd4 Nf6 5. Nc3 a6 6. Be2 e5 7. Nf3 Nc6 8. Bg5
Be7 9. Bc4 O-O 10. Bb3 Bg4 11. O-O Nd4 12. Re1 Rc8 13. Re3 h6 14. Bh4 b5 15. h3
Nxf3+ 16. gxf3 Bxh3 17. f4 Be6 18. f5 Bxb3 19. axb3 b4 20. Bxf6 Bxf6 21. Nd5 Bg5
22. Rf3 a5 23. c3 bxc3 24. bxc3 Rb8 25. b4 axb4 26. cxb4 Rb5 27. Qa4 Qb8 28. f6
Rxd5 29. exd5 Bxf6 30. Ra2 Qb7 31. Qa5 e4 32. Rb3 Bd4 33. Rd2 Bb6 34. Qa4 Qe7
35. Re2 Qg5+ 36. Kf1 Qxd5 37. Rbb2 Ra8 38. Qc2 Ra1+ 39. Rb1 Rxb1+ 40. Qxb1 Qc4
41. Qxe4 Qa6 42. Qe8+ Kh7 43. b5 Qa1+ 44. Re1 Qf6 45. Re2 Qf3 46. Qe4+ Qxe4 47.
Rxe4 g5 48. Re7 Kg6 49. Rb7 Bc5 50. Rc7 h5 51. Rc6 Kf5 52. b6 Bxb6 53. Rxb6 d5
54. f3 f6 55. Rd6 Ke5 56. Rd8 h4 57. Rh8 Kf4 58. Kf2 f5 59. Rd8 g4 60. fxg4 Kxg4
61. Rxd5 f4 62. Rd3 h3 63. Kg1 f3 64. Kh2 f2 65. Rd1 Kf3 66. Kxh3 Ke2 {Game
drawn by mutual agreement} 1/2-1/2

[Event "Team 45 45 League T64"]
[Site "Internet Chess Club"]
[Date "2015.03.16"]
[Round "2"]
[White "smsxman"]
[Black "Fulmar"]
[Result "1-0"]
[WhiteElo "1409"]
[BlackElo "1208"]
[Opening "Four knights: Spanish variation"]
[ECO "C48"]
[Time "11:04:53"]
[TimeControl "2700+45"]

1. e4 e5 2. Nf3 Nc6 3. Nc3 Nf6 4. Bb5 d6 5. O-O Bd7 6. Re1 a6 7. Bxc6 bxc6 8. d4
Qe7 9. Bg5 h6 10. Bh4 g5 11. Bg3 exd4 12. Qxd4 c5 13. Qd1 Be6 14. e5 dxe5 15.
Nxe5 Qd8 16. Qf3 Be7 17. Nc6 Qc8 18. Nxe7 Kxe7 19. Be5 Nh7 20. Bxh8 Qxh8 21. Qc6
Kf8 22. Qxa8+ Kg7 23. Qxh8+ Kxh8 24. Ne4 f5 25. Nxc5 Bc4 26. b3 Bd5 27. Rad1 c6
28. Re7 Nf6 29. c4 Bg8 30. Rd8 Nh5 31. Ree8 Nf4 32. Rxg8+ Kh7 33. g3 Nd3 34.
Nxd3 a5 35. Rh8+ Kg7 36. Ne5 {Black resigns} 1-0